 Dungeon Sprint DCSS version 0.19-a0-895-gdbd5520 (webtiles) character file.

46 LORDOFBUTT the Ducker (level 3, -7/29 HPs)
             Began as a Demonspawn Gladiator on July 4, 2016.
             Was an Initiate of Gozag.
             Mangled by a troll (10 damage)
             ... in the Dungeon (Sprint IX: "|||||||||||||||||||||||||||||").
             The game lasted 00:01:02 (363 turns).

LORDOFBUTT the Ducker (Demonspawn Gladiator)         Turns: 363, Time: 00:01:04

Health: -7/29      AC:  5    Str: 15    XL:     3   Next: 46%
Magic:  0/3        EV: 14    Int:  9    God:    Gozag
Gold:   0          SH:  0    Dex: 14    Spells: 0 memorised, 2 levels left

rFire  . . .     SeeInvis .     s - +1 broad axe (chop)
rCold  . . .     Gourm    .     b - +0 leather armour
rNeg   . . .     Faith    .     (no shield)
rPois  .         Spirit   +     c - +0 helmet
rElec  .         Dismiss  .     (no cloak)
rCorr  .         Reflect  .     r - +0 pair of gloves
SustAt .         Harm     .     (no boots)
MR     .....     NoTele   +     (no amulet)
Stlth  +.........               (no ring)
                                (no ring)

@: gold aura, not resistant to hostile enchantments, very unstealthy
A: talons 1, magic shield
a: Potion Petition, Call Merchant, Bribe Branch, Renounce Religion


You were in the Dungeon.
You worshipped Gozag.
Gozag was noncommittal.
You were not hungry.

You visited 1 branch

Inventory:

Hand Weapons
 a - a +0 war axe
 s - a +1 broad axe of chopping (weapon)
Missiles
 d - 3 throwing nets (quivered)
Armour
 b - a +0 leather armour (worn)
 c - a +0 helmet (worn)
 r - a +0 pair of gloves (worn)
Jewellery
 p - a +3 ring of intelligence
 q - a +2 ring of protection
Wands
 o - a wand of lightning (7/15)
Scrolls
 k - 2 scrolls of blinking
 m - 3 scrolls of remove curse
 n - 2 scrolls of amnesia
Potions
 e - 5 potions of curing
 g - 3 potions of heal wounds
 h - a potion of haste
 i - 4 potions of magic
 j - a potion of berserk rage
 l - a potion of invisibility
Comestibles
 f - a bread ration


   Skills:
 + Level 3.0 Fighting
 + Level 4.5 Axes
 + Level 2.8 Throwing
 + Level 0.3 Armour
 + Level 4.7 Dodging


You had 2 spell levels left.
You didn't know any spells.

Dungeon Overview and Level Annotations

Branches:
Dungeon (1/1)

Altars:
Cheibriados
Dithmenos
Elyvilon
Fedhas
Gozag
Hepliaklqana
Kikubaaqudgha
Makhleb
Nemelex Xobeh
Okawaru
Pakellas
Qazlal
Ru
Sif Muna
Trog
Uskayaw
Vehumet
Xom
Yredelemnul
Zin
The Shining One
Beogh
Jiyva
Lugonu


Innate Abilities, Weirdness & Mutations

You have sharp toenails.
When hurt, damage is shared between your health and your magic reserves.


Message History

* * * LOW HITPOINT WARNING * * *
You hit the iguana but do no damage.
The iguana is almost dead.
The iguana misses you.
You closely miss the iguana.
The iguana is almost dead.
The iguana barely misses you.
You slash the iguana!
You kill the iguana!
Your Fighting skill increases to level 3!
Your Axes skill increases to level 4!
You have reached level 3!
Your experience leads to an increase in your attributes!
Increase (S)trength, (I)ntelligence, or (D)exterity?
You feel agile.
Your demonic ancestry asserts itself...
You feel your magical essence form a protective shroud around your flesh.
The shadow imp grins evilly.
The troll completely misses you. The troll misses you. The troll claws you!
You die...
Your body crumbles into a pile of gold. $$$$$ $ $ $ $$$$$ $$$$$$ ▓▓▓▓▓▓▓▓▓▓▓▓▓▓▓▓▓▓▓▓▓▓▓▓ .Y5.osT@.[[.)|..'_______ ▓▓▓▓▓▓▓▓▓▓▓▓▓▓▓▓▓▓▓▓▓▓▓▓

You could see a troll, an ice beast, a scorpion, a shadow imp and an orc.

Vanquished Creatures
  An iguana (D)
  An adder (D)
  A worm (D)
  A giant cockroach (D)
  A goblin (D)
  A jackal (D)
  A kobold (D)
  A ball python skeleton (D)
  A giant gecko skeleton (D)
  2 rats (D)
11 creatures vanquished.

Notes
Turn   | Place    | Note
-------+----------+-------------------------------------------
     0 | D        | LORDOFBUTT the Demonspawn Gladiator began the quest for the Orb.
     0 | D        | Reached XP level 1. HP: 16/16 MP: 1/1
    82 | D        | Gained mutation: You have sharp toenails. [demonic ancestry]
    82 | D        | Reached XP level 2. HP: 19/23 MP: 2/2
   233 | D        | Found a glowing silver altar of Zin.
   233 | D        | Found a glowing golden altar of the Shining One.
   233 | D        | Found an ancient bone altar of Kikubaaqudgha.
   233 | D        | Found a basalt altar of Yredelemnul.
   233 | D        | Found a shimmering altar of Xom.
   233 | D        | Found a radiant altar of Vehumet.
   234 | D        | Found an iron altar of Okawaru.
   235 | D        | Found a burning altar of Makhleb.
   236 | D        | Found a deep blue altar of Sif Muna.
   237 | D        | Found a bloodstained altar of Trog.
   238 | D        | Found a sparkling altar of Nemelex Xobeh.
   241 | D        | Found a white marble altar of Elyvilon.
   242 | D        | Found a roughly hewn altar of Beogh.
   243 | D        | Found a viscous altar of Jiyva.
   244 | D        | Found a corrupted altar of Lugonu.
   245 | D        | Found a blossoming altar of Fedhas.
   246 | D        | Found a snail-covered altar of Cheibriados.
   247 | D        | Found a shadowy altar of Dithmenos.
   248 | D        | Found a stormy altar of Qazlal.
   249 | D        | Found an opulent altar of Gozag.
   250 | D        | Found a sacrificial altar of Ru.
   251 | D        | Found an oddly glowing altar of Pakellas.
   252 | D        | Found a hide-covered altar of Uskayaw.
   253 | D        | Found a hazy altar of Hepliaklqana.
   314 | D        | Became a worshipper of Gozag Ym Sagoz the Greedy
   356 | D        | Noticed an ice beast
   356 | D        | Noticed a scorpion
   356 | D        | Noticed a troll
   363 | D        | Gained mutation: When hurt, damage is shared between your health and your magic reserves. [demonic ancestry]
   363 | D        | Reached XP level 3. HP: 3/29 MP: 3/3
   363 | D        | Mangled by a troll

Vault maps used:
D:        linesprint

Skill      XL: |  1  2 |
---------------+-------+-----
Axes           | 3 4 |  4.5
Dodging        | 3 4 |  4.7
Throwing       | 2 |  2.8
Fighting       | 3 |  3.0
Armour         | |  0.3

Action                   || total
-------------------------++-------
Melee: War axe           ||    33
       Broad axe         ||     7
       Kick              ||     6
Throw: Throwing net      ||     1
Armor: Leather armour    ||    12
Dodge: Dodged            ||    33
